Map: Neon Violet Square LE

Players

ShoWTimE - Winner!

  • Race: Protoss Protoss
  • League: Master
  • Spawn Location: 11:00

Moja

  • Race: Terran Terran
  • League: Grandmaster
  • Spawn Location: 5:00

Event: HomeStory Cup XXVI

VOD

Have the link to the VOD?

Description

Time

  • Played on: Nov. 29, 2024, 3:36 p.m.
  • Length: 18:33

All games in this series

Show
View Real Time Build Order
Export as new Build Order

ShoWTimE Protoss - Winner!

Build Orders: 1 Gate Expand, Phoenix Opening, Blink Stalkers, Colossus Rush 

Get SALT Encoding   

  12  0:00  Probe  
  13  0:12  Probe  
  14  0:18  Pylon  
  14  0:24  Probe  
  15  0:32  Probe  
  15  0:37  Gateway  
  15  0:40  Probe  
  16  0:47  Assimilator  
  17  0:50  Probe  
  18  1:03  Probe  
  19  1:15  Probe  
  20  1:24  Nexus  
  20  1:34  Cybernetics Core  
  20  1:38  Probe  
  21  1:44  Assimilator  
  21  1:50  Probe  
  22  1:54  Pylon  
  22  2:00  Stalker  
  22  2:02  Probe  
  23  2:11  Warp Gate  
  23  2:14  Probe  
  26  2:26  Probe  
  26  2:29  Sentry  
  27  2:32  Probe, Phoenix  
  30  2:38  Probe  
  30  2:40  Probe  
  31  2:44  Twilight Council  
  31  2:50  Stalker, Probe x2  
  36  3:02  Probe x2  
  38  3:07  Gateway  
  38  3:11  Gateway  
  38  3:12  Blink  
  38  3:14  Probe  
  38  3:15  Probe  
  40  3:26  Probe  
  41  3:27  Probe  
  42  3:36  Pylon  
  42  3:38  Probe  
  42  3:39  Probe  
  44  3:49  Probe  
  44  3:51  Probe  
  44  3:52  Nexus  
  46  3:57  Probe  
  46  3:59  Probe  
  47  4:04  Pylon  
  47  4:05  Probe  
  47  4:06  Assimilator  
  47  4:08  Assimilator, Probe  
  50  4:17  Robotics Facility, Probe  
  50  4:20  Probe  
  50  4:23  Stalker  
  54  4:27  Stalker  
  54  4:29  Probe  
  57  4:32  Probe, Pylon  
  58  4:41  Stalker, Probe  
  58  4:44  Probe  
  62  4:53  Forge, Probe  
  62  4:56  Probe  
  64  5:02  Probe x2  
  64  5:04  Robotics Bay  
  64  5:05  Observer  
  64  5:06  Protoss Ground Weapons Level 1  
  67  5:08  Probe  
  67  5:10  Probe x2  
  70  5:17  Charge  
  70  5:20  Probe x3  
  71  5:23  Observer  
  71  5:27  Gateway  
  71  5:28  Gateway  
  74  5:32  Probe x2  
  74  5:33  Probe  
  77  5:38  Sentry  
  77  5:41  Shield Battery  
  79  5:45  Colossus  
  79  5:47  Pylon  
  79  5:49  Gateway  
  80  5:52  Gateway  
  80  5:56  Pylon  
  85  6:01  Gateway  
  85  6:03  Nexus  
  85  6:10  Extended Thermal Lance  
  85  6:14  Pylon  
  85  6:18  Probe x2  
  85  6:19  Probe  
  85  6:22  Forge, Pylon  
  85  6:23  Pylon  
  85  6:24  Colossus  
  88  6:25  Zealot  
  88  6:26  Zealot x2  
  88  6:30  Probe  
  88  6:31  Probe x2  
  97  6:38  Zealot x2  
  101  6:40  Protoss Ground Armor Level 1  
  101  6:44  Pylon  
  107  6:48  Probe x3  
  107  6:51  Protoss Ground Weapons Level 2  
  110  6:57  Pylon  
  110  6:58  Pylon  
  110  7:01  Stalker x2  
  112  7:05  Assimilator, Colossus  
  112  7:07  Dark Shrine  
  114  7:13  Sentry  
  116  7:18  Shield Battery  
  116  7:19  Phoenix  
  122  7:23  Zealot x4  
  130  7:33  Assimilator, Probe x3  
  130  7:34  Probe  
  134  7:47  Zealot x7  
  134  7:48  Zealot  
  150  7:56  Warp Prism  
  150  7:58  Robotics Facility  
  150  8:00  Probe  
  153  8:09  Pylon  
  153  8:18  Protoss Ground Armor Level 2  
  153  8:19  Zealot x6  
  163  8:25  Pylon  
  163  8:27  Pylon  
  163  8:31  Nexus  
  163  8:34  Shield Battery, Photon Cannon  
  163  8:39  Photon Cannon  
  163  8:52  Protoss Ground Weapons Level 3  
  163  8:54  Shadow Stride  
  163  9:02  Zealot x5  
  173  9:05  Dark Templar x2  
  173  9:06  Dark Templar  
  179  9:12  Probe x3  
  179  9:14  Disruptor  
  186  9:19  Pylon  
  186  9:21  Pylon  
  186  9:32  Photon Cannon  
  186  9:33  Zealot, Photon Cannon  
  186  9:36  Disruptor  
  187  9:39  Zealot x6  
  181  9:49  Zealot x2, Disruptor  
  189  10:01  Nexus  
  189  10:11  Protoss Ground Armor Level 3  
  189  10:13  Photon Cannon  
  187  10:16  Pylon  
  187  10:17  Pylon  
  187  10:21  Pylon  
  187  10:26  Pylon  
  187  10:30  Stargate  
  187  10:36  Stalker x6  
  199  10:52  Gateway  
  199  10:56  Gateway  
  199  10:58  Gravitic Drive  
  199  10:59  Gateway  
  199  11:00  Nexus  
  199  11:02  Pylon  
  199  11:08  Zealot x4  
  199  11:11  Disruptor  
  189  11:15  Zealot x4  
  163  11:19  Protoss Shields Level 1  
  163  11:21  Disruptor  
  159  11:31  Probe x4  
  159  11:32  Probe  
  164  11:41  Photon Cannon  
  164  11:42  Photon Cannon, Dark Templar x8  
  180  11:49  Gateway  
  180  11:52  Gateway  
  180  11:55  Gateway  
  180  11:58  Probe  
  180  11:59  Zealot, Probe x2  
  180  12:00  Zealot x2  
  185  12:21  Disruptor x2  
  165  12:24  Zealot x4  
  165  12:25  Zealot x7  
  105  12:45  Stalker x3  
  105  12:46  Stalker x3, Zealot x6  
  129  12:51  Disruptor x2  
  129  12:56  Zealot x2  
  141  13:08  Zealot x11  
  159  13:14  Stalker  
  161  13:25  Zealot  
  161  13:26  Zealot  
  151  13:27  Disruptor, Colossus  
  151  13:31  Zealot x7  
  157  13:42  Zealot x3  
  157  13:48  Zealot x3  
  169  13:52  Colossus  
  169  13:53  Zealot x2  
  155  14:03  Probe  
  162  14:14  Dark Templar x3  
  162  14:15  Nexus  
  168  14:19  Zealot x2  
  168  14:23  Archon  
  172  14:26  Stalker x3  
  178  14:35  Pylon  
  178  14:38  Zealot x4  
  186  14:43  Stalker  
  186  14:44  Stalker  
  190  14:51  Pylon  
  190  15:04  Zealot x5  
  190  15:06  Nexus  
  195  15:24  Zealot x3  
  167  15:50  Zealot x8  
  167  15:51  Zealot x4  
  167  15:52  Disruptor  
  183  16:01  Zealot x2  
  173  16:14  Nexus  
  169  16:19  Stalker x6, Pylon  
  169  16:20  Stalker, Zealot x5  
  169  16:23  Stalker  
  195  16:33  Disruptor  
  187  17:02  Colossus x2  
  187  17:04  Zealot x5  
  187  17:05  Zealot x5  
  187  17:06  Zealot x4  
  187  17:26  Dark Templar  
  187  17:28  Zealot x6  
  199  17:42  Nexus  
  199  17:50  Pylon  
  199  17:53  Assimilator  
  199  17:54  Assimilator  
  199  18:05  Zealot  
  199  18:07  Zealot x2  
  181  18:14  Zealot x5  
  181  18:17  Zealot x3  
  181  18:18  Zealot x3  
  181  18:19  Nexus  
  181  18:28  Zealot x3  
Show
View Real Time Build Order
Export as new Build Order

Moja Terran 

Build Orders: Reaper Expand 

Get SALT Encoding   

  12  0:00  SCV  
  13  0:12  SCV  
  14  0:18  Supply Depot  
  14  0:24  SCV  
  15  0:39  SCV  
  15  0:40  Barracks  
  16  0:45  Refinery  
  16  0:52  SCV  
  17  1:04  SCV  
  18  1:16  SCV  
  19  1:29  Orbital Command, Reaper  
  20  1:46  Command Center  
  20  1:55  SCV  
  20  1:58  Supply Depot  
  20  2:01  Barracks Reactor  
  21  2:07  SCV  
  22  2:19  SCV  
  23  2:27  Command Center  
  23  2:31  SCV  
  24  2:39  Marine x2  
  26  2:44  SCV  
  26  2:45  Bunker  
  27  2:57  Orbital Command, SCV  
  28  3:02  Marine x2  
  30  3:09  SCV  
  30  3:10  Barracks  
  31  3:19  Marine x2  
  31  3:21  SCV  
  31  3:23  SCV  
  35  3:32  Barracks  
  35  3:33  SCV  
  36  3:35  SCV  
  36  3:40  Orbital Command  
  37  3:44  Marine  
  37  3:45  SCV, Marine  
  37  3:47  SCV  
  41  3:57  Barracks Tech Lab, SCV  
  41  3:59  SCV, Engineering Bay  
  43  4:02  Marine  
  43  4:03  Marine  
  43  4:05  SCV  
  43  4:09  SCV  
  47  4:11  SCV  
  47  4:15  Marine, Stimpack  
  49  4:18  SCV  
  49  4:19  Barracks Tech Lab  
  49  4:20  Marine x2  
  49  4:21  SCV  
  53  4:24  Terran Infantry Weapons Level 1  
  53  4:27  SCV, Refinery  
  53  4:29  Factory  
  53  4:30  SCV  
  53  4:31  Supply Depot  
  55  4:33  Marine  
  55  4:38  SCV, Marine  
  58  4:41  SCV  
  58  4:42  Supply Depot, SCV, Refinery  
  58  4:44  Marine  
  61  4:48  Supply Depot  
  61  4:50  Combat Shield  
  61  4:52  SCV, Marine  
  63  4:53  SCV  
  63  4:57  Supply Depot  
  66  5:01  Marauder  
  66  5:02  Marine, Marauder  
  66  5:04  SCV  
  66  5:05  SCV  
  71  5:08  SCV  
  71  5:12  Supply Depot  
  72  5:15  Starport  
  72  5:16  SCV, Marine  
  72  5:19  Marine  
  75  5:22  SCV x2  
  75  5:23  Factory Reactor  
  81  5:28  Marauder x2  
  81  5:29  SCV  
  81  5:31  Refinery  
  81  5:33  Supply Depot  
  79  5:44  SCV  
  79  5:45  Marine x2  
  79  5:47  SCV  
  79  5:48  SCV  
  84  5:51  Barracks  
  84  5:52  Marauder x2, Barracks  
  88  5:59  SCV  
  89  6:04  Marine  
  89  6:05  Marine  
  89  6:06  Command Center  
  89  6:07  Medivac x2  
  89  6:08  SCV  
  89  6:09  SCV  
  97  6:11  Refinery  
  97  6:13  Concussive Shells  
  97  6:17  Supply Depot  
  97  6:18  Marauder x2  
  101  6:20  SCV  
  101  6:21  SCV  
  101  6:24  Engineering Bay, Armory  
  101  6:25  Supply Depot, SCV  
  104  6:26  Marine x2  
  106  6:37  SCV x2  
  106  6:38  Barracks Reactor  
  106  6:39  Barracks Tech Lab  
  108  6:40  SCV  
  108  6:44  Barracks  
  108  6:46  Marine, Barracks  
  112  6:47  Marauder, Barracks  
  112  6:48  Marine, Marauder  
  112  6:49  Medivac  
  112  6:52  Terran Infantry Armor Level 1  
  112  6:53  Medivac  
  119  6:54  SCV  
  120  7:03  Marauder  
  120  7:04  Marine  
  125  7:08  Marauder  
  125  7:11  Terran Infantry Weapons Level 2  
  125  7:17  Marine  
  125  7:18  Marauder  
  128  7:23  Medivac x2  
  128  7:24  Marauder  
  128  7:26  SCV  
  135  7:30  Supply Depot x2, SCV x2  
  135  7:32  Refinery  
  135  7:35  Barracks Tech Lab x3  
  137  7:38  SCV  
  137  7:39  Missile Turret  
  137  7:42  Ghost Academy  
  136  7:46  Marauder x2  
  136  7:50  Marine  
  136  7:51  Marine, Marauder  
  143  7:53  Planetary Fortress  
  143  7:58  Marine, Marauder  
  146  8:01  Marauder  
  146  8:02  Medivac  
  146  8:04  Medivac  
  152  8:07  Marauder  
  154  8:14  Marine, Marauder  
  160  8:20  Supply Depot  
  160  8:21  Supply Depot  
  160  8:25  Marine  
  164  8:41  Command Center  
  164  8:42  SCV x2, Marauder, Unknown  
  171  8:49  Marine  
  171  8:50  Marauder  
  171  8:54  Unknown  
  180  9:02  Missile Turret  
  180  9:04  Missile Turret  
  180  9:05  Marine, Marauder x2  
  180  9:06  Marine, Missile Turret  
  180  9:07  Missile Turret  
  180  9:08  Missile Turret  
  186  9:10  Unknown  
  186  9:11  Marauder  
  186  9:12  Terran Infantry Armor Level 2  
  188  9:18  Unknown x2  
  188  9:37  Marine, Marauder  
  179  9:48  Marine  
  179  9:49  Marauder x2  
  179  9:51  Marine, Marauder x3, Medivac  
  179  9:52  Medivac  
  182  9:58  Marauder  
  181  10:02  Terran Infantry Weapons Level 3  
  178  10:10  Marauder x2  
  178  10:14  Missile Turret  
  184  10:18  Missile Turret  
  182  10:22  Marine  
  182  10:23  Marine  
  190  10:30  Planetary Fortress  
  190  10:31  Marauder  
  195  10:41  Unknown x2, Barracks  
  195  10:42  Barracks x2  
  194  10:43  Barracks  
  194  10:51  Unknown x2  
  194  10:52  Missile Turret  
  194  10:53  Missile Turret  
  194  10:57  Marine, Marauder  
  193  11:00  Unknown  
  178  11:13  Marine, Marauder x2  
  178  11:18  Marauder x4  
  150  11:19  Marine x2  
  150  11:22  Marine  
  159  11:26  Viking x2  
  159  11:29  Terran Infantry Armor Level 3  
  159  11:31  Marine  
  160  11:34  Sensor Tower  
  160  11:35  Marauder x2  
  160  11:37  Marine  
  160  11:39  Marauder  
  173  11:40  Marauder x3  
  173  11:43  Barracks Tech Lab x4  
  173  11:51  Supply Depot  
  173  11:56  Marauder x2  
  173  12:01  Marauder  
  179  12:03  Marine x2, Marauder x3  
  179  12:04  Marauder x2  
  185  12:19  Marine x2, Marauder x2  
  185  12:20  Marauder x2  
  179  12:23  Marine  
  179  12:24  Marauder  
  179  12:26  Marine, Marauder  
  169  12:36  Marine, Marauder  
  169  12:37  Marine, Marauder x2  
  157  12:39  Marine  
  157  12:40  Marauder  
  159  12:45  Command Center  
  159  12:46  Marine  
  159  12:47  Marauder x2  
  159  12:48  Medivac x2  
  168  12:56  Marauder x2  
  168  12:57  Marauder  
  174  13:07  Marine  
  174  13:08  Marauder x2  
  165  13:31  Marauder  
  165  13:33  Marine, Marauder  
  162  13:40  Marauder  
  156  13:42  Medivac x2  
  156  13:43  Marine, Marauder  
  156  13:44  Marauder  
  149  14:02  Marine, Marauder x2  
  138  14:03  Marine, Marauder x2  
  138  14:05  Planetary Fortress  
  143  14:22  Marauder  
  143  14:29  Marine, Marauder x2  
  143  14:30  Marauder  
  160  14:40  Medivac x2  
  160  14:42  Terran Vehicle And Ship Armor Level 1  
  164  14:59  Unknown  
  164  15:00  Unknown x3  
  164  15:05  Marine  
  164  15:06  Marauder x2  
  171  15:22  Marine, Marauder x2  
  171  15:23  Medivac x2  
  180  15:31  Marauder x2  
  180  15:32  Unknown  
  180  15:33  Unknown  
  180  15:35  Marine, Marauder x3  
  183  15:46  Marine x2  
  183  15:47  Marauder x2  
  154  15:50  Marauder  
  154  15:51  Marine  
  154  15:52  Marauder x2  
  154  15:57  Marauder x2  
  163  15:58  Unknown  
  163  15:59  Unknown  
  163  16:03  Marine  
  145  16:04  Marauder  
  141  16:12  Marauder x2  
  141  16:13  Marauder x2  
  149  16:25  Unknown  
  153  16:36  Marine, Marauder x2  
  154  16:50  Unknown  
  154  16:51  Unknown  
  151  16:57  Marine, Marauder x2  
  149  17:08  Marine, Marauder  
  122  17:20  Viking x2  
  122  17:22  Marauder x3  
  126  17:28  Marine  
  126  17:29  Marauder x2  
  134  17:33  Marine  
  134  17:34  Marauder x2  
  134  17:47  Marine  
  134  17:48  Marauder x2  
  136  17:56  Unknown  
  134  18:12  Marauder  
  123  18:15  Marine  
Tags
 
Add a new tag
Caveats
  • Supply blocks, unpowered buildings, or Contaminate may cause inaccurate times.
  • Supply counts are checked every 10 seconds.